 Dungeon Crawl Stone Soup version 0.30-a0-782-ge64f9170bb (console) character file.

Game seed: 13771766443488278758

1224 utis the Trooper (level 8, -2/50 HPs)
             Began as a Tengu Wanderer on Mar 3, 2023.
             Shot with an arrow by a centaur (20 damage)
             ... on level 6 of the Dungeon.
             The game lasted 00:21:45 (6542 turns).

utis the Trooper (Tengu Wanderer)                   Turns: 6542, Time: 00:21:45

Health: -2/50      AC:  0    Str: 16    XL:     8   Next: 47%
Magic:  12/12      EV: 15    Int: 14    God:
Gold:   378        SH:  0    Dex: 11    Spells: 4/11 levels left

rFire   . . .      SeeInvis +    b - +4 sling {flame, rF+ rN+}
rCold   . . .      Faith    .    (no shield)
rNeg    + + +      Spirit   .    (no body armour)
rPois   .          Reflect  .    (helmet restricted)
rElec   .          Harm     .    (no cloak)
rCorr   .          Rampage  .    (no gloves)
Will    .....                    (boots unavailable)
Stlth   ++                       (no amulet)
HPRegen 0.28/turn                N - ring of positive energy
MPRegen 0.13/turn                n - ring of positive energy

@: flying quickly and evasively, studying Fighting, quick
A: beak, talons 3, nimble flight, see invisible, clumsy 1, strong 1, heat
vulnerability 1
a: no special abilities


You were on level 6 of the Dungeon.
You visited 1 branch of the dungeon, and saw 6 of its levels.

You collected 378 gold pieces.

Inventory:

Hand Weapons
 a - a +1 halberd
 b - the +4 sling of Inconvenience (weapon) {flame, rF+ rN+}
   (You found it on level 2 of the Dungeon)

   rF:        It protects you from fire.
   rN:        It protects you from negative energy.
 m - a +0 long sword
 p - a +0 dagger
 v - a +0 whip
 z - a +0 spear
Missiles
 c - a datura-tipped dart
 f - 49 stones
 g - 6 boomerangs
 s - 2 atropa-tipped darts
Armour
 d - a +0 ring mail
 h - a +2 buckler
 y - a +0 chain mail
 A - a +0 scale mail
Magical Staves
 u - a staff of poison {!a}
Jewellery
 n - a ring of positive energy (right hand)
 N - a ring of positive energy (left hand)
Wands
 t - a wand of acid (9)
 C - a wand of roots (8)
Scrolls
 j - a scroll of blinking
 l - 2 scrolls of immolation
 o - 2 scrolls of enchant armour
 q - a scroll of enchant weapon
 r - 2 scrolls of vulnerability
 w - a scroll of fog {unknown}
 B - a scroll of amnesia {unknown}
 D - a scroll of teleportation {unknown}
Potions
 e - 3 potions of attraction
 i - a potion of mutation {!q}
 k - a potion of heal wounds {@q2}
 x - a potion of brilliance


   Skills:
 - Level 5.5 Fighting
 - Level 5.0 Polearms
 - Level 0.5 Throwing
 - Level 2.1 Armour
 - Level 4.5 Dodging
 - Level 3.0 Stealth
 - Level 2.0 Spellcasting
 - Level 3.0 Necromancy
 + Level 1.0 Translocations
 + Level 1.4 Fire Magic
 + Level 4.5 Air Magic
 - Level 2.0 Poison Magic


You had 4 spell levels left.
You knew the following spells:

 Your Spells              Type           Power      Damage    Failure   Level
W - Kindle Blastsparks    Fire/Tloc/Air  14%        2d11      28%         3
X - Sublimation of Blood  Necr           9%         N/A       11%         2
Y - Cigotuvi's Dreadful   Necr/Pois/Air  20%        N/A       10%         2

Your spell library contained the following spells:

 Spells                   Type           Power      Damage    Failure   Level
 Ignite Poison            Fire/Tmut/Pois 4%         N/A       41%         3
 Freezing Cloud           Conj/Ice/Air   2%         6-21      98%         5


Dungeon Overview and Level Annotations

Branches:
Dungeon (6/15)             Temple (0/1) D:5

Altars:
Fedhas
Hepliaklqana
Makhleb
Okawaru
Qazlal
Ru
Sif Muna
Trog
Xom
Zin

Annotations:
D:6 exclusion: centaur, Dowan


Innate Abilities, Weirdness & Mutations

You have a beak for a mouth.
You have claws for feet.
Your magical nature lets you fly swiftly and evasively.
You have supernaturally acute eyesight. (SInv)
You are clumsy. (Dex -2)
Your muscles are strong. (Str +4, Int/Dex -1)
You are vulnerable to heat. (rF-)


Message History

2 centaurs come into view.
Unknown command. 2 centaurs come into view.
The centaur shouts!
You hear a shout!
You hear an angry hiss.
The centaur wields a +0 shortbow.
The centaur shoots an arrow.
The arrow barely misses you.
You start waiting.
A wyvern comes into view.
The +4 sling of Inconvenience {flame, rF+ rN+} bursts into flame!
b - the +4 sling of Inconvenience (weapon)
{flame, rF+ rN+} No target in view!
You start waiting.
Done waiting.
A centaur is nearby!
A centaur comes into view.
The centaur wields a +0 shortbow.
The centaur shoots an arrow.
The arrow barely misses you.
You hear a shout!
The centaur shoots an arrow.
The arrow hits you.
The centaur shouts!
You hear a shout! x2
The centaur wields a +2 shortbow of freezing.
It is covered in frost.
The centaur shoots an arrow.
The arrow barely misses you.
The centaur shoots an arrow.
The arrow closely misses you.
You start resting.
The centaur shoots an arrow.
The arrow hits you! The arrow freezes you.
You hear a shout!
A centaur comes into view.
The centaur wields a +0 shortbow.
The centaur shoots an arrow.
The arrow closely misses you.
The centaur wields a +0 shortbow.
The centaur shoots an arrow.
The arrow hits you.
There are monsters nearby!
The centaur shoots an arrow.
The arrow closely misses you.
The centaur shoots an arrow.
The arrow hits you!
* * * LOW HITPOINT WARNING * * *
The arrow freezes you.
* * * LOW HITPOINT WARNING * * *
A centaur is nearby!
You shoot a sling bullet. The sling bullet hits the centaur.
The sling bullet burns the centaur.
The centaur is moderately wounded.
The centaur shoots an arrow.
The arrow hits you!!
You die...

░c.≈≈≈≈≈≈≈≈≈..░░...░░
░c.≈≈≈≈≈≈≈≈≈.░░░░.░░
░c≈≈≈≈≈≈≈≈≈░.░ ░░░
░.≈≈≈≈≈≈≈....░
░░░░.≈≈≈≈≈≈░.░░░░
≈≈.c≈≈≈≈≈....░
≈≈≈≈≈≈≈≈░.░░░░
≈≈≈≈≈≈░░..░ ░...Q.░░
.....░░░░░ ░░░


You could see a centaur.

Vanquished Creatures
  Menkaure (D:5)
  3 ice beasts (D:5)
  A sky beast (D:6)
  A phantom (D:5)
  2 scorpions (D:5)
  2 necrophages (D:5)
  A howler monkey (D:5)
  2 hounds
  A gnoll bouda (D:4)
  5 iguanas
  3 gnolls (D:4)
  8 adders
  A shadow imp (D:5)
  A white imp (D:6)
  2 ufetubi
  3 worms
  A dart slug (D:4)
  3 orcs
  10 ball pythons
  4 endoplasms
  10 goblins
  5 hobgoblins
  3 jackals (D:1)
  3 quokkas
  6 bats
  3 frilled lizards
  4 kobolds
  8 rats
97 creatures vanquished.

Notes
Turn   | Place    | Note
-------+----------+-------------------------------------------
     0 | D:1      | utis the Tengu Wanderer began the quest for the Orb.
     0 | D:1      | utis set off with the following items: a +0 dagger, 2
                  | atropa-tipped darts, a datura-tipped dart, a +0 ring mail,
                  | a potion of attraction; and the following spells available
                  | to memorise: Cigotuvi's Dreadful Rot, Sublimation of Blood.
     0 | D:1      | Reached XP level 1. HP: 14/14 MP: 4/4
    63 | D:1      | Reached skill level 1 in Dodging
   176 | D:1      | Reached XP level 2. HP: 14/19 MP: 6/6
   629 | D:1      | Reached XP level 3. HP: 19/23 MP: 7/7
   649 | D:1      | Learned a level 2 spell: Cigotuvi's Dreadful Rot
  1471 | D:2      | Reached skill level 1 in Air Magic
  1577 | D:2      | Identified the +4 sling of Inconvenience {flame, rF+ rN+}
  1735 | D:2      | Reached skill level 1 in Necromancy
  2062 | D:2      | Reached skill level 1 in Poison Magic
  2062 | D:2      | Reached XP level 4. HP: 28/28 MP: 8/8
  2067 | D:2      | You fall into a shaft and drop 2 floors!
  2073 | D:4      | Found a bloodstained altar of Trog.
  2532 | D:3      | Found a shimmering altar of Xom.
  3054 | D:4      | Gained mutation: Your magical nature lets you fly swiftly
                  | and evasively. [Tengu growth]
  3054 | D:4      | Reached XP level 5. HP: 30/32 MP: 9/9
  3176 | D:4      | Learned a level 2 spell: Sublimation of Blood
  3739 | D:5      | Entered Level 5 of the Dungeon
  3767 | D:5      | Found a shimmering blue altar of Sif Muna.
  3767 | D:5      | Found a hazy altar of Hepliaklqana.
  3768 | D:5      | Found a blossoming altar of Fedhas.
  3768 | D:5      | Found a glowing silver altar of Zin.
  3770 | D:5      | Found a sacrificial altar of Ru.
  3770 | D:5      | Found a stormy altar of Qazlal.
  3771 | D:5      | Found an iron altar of Okawaru.
  3797 | D:5      | Reached XP level 6. HP: 38/38 MP: 10/10
  3803 | D:5      | Found a staircase to the Ecumenical Temple.
  3808 | D:5      | Noticed Menkaure
  3826 | D:5      | Gained mutation: You are clumsy. (Dex -2) [potion of
                  | mutation]
  3826 | D:5      | Gained mutation: You have supernaturally acute eyesight.
                  | (SInv) [potion of mutation]
  3826 | D:5      | Gained mutation: You are vulnerable to heat. (rF-) [potion
                  | of mutation]
  3826 | D:5      | Gained mutation: Your muscles are strong. (Str +4, Int/Dex
                  | -1) [potion of mutation]
  3833 | D:5      | Killed Menkaure
  4035 | D:5      | Noticed an ice beast
  4216 | D:5      | Reached XP level 7. HP: 33/44 MP: 11/11
  4598 | D:5      | Reached skill level 5 in Fighting
  4809 | D:5      | Reached skill level 1 in Polearms
  5218 | D:5      | Found a burning altar of Makhleb.
  5315 | D:5      | Reached XP level 8. HP: 36/49 MP: 12/12
  5426 | D:5      | Reached skill level 5 in Polearms
  5744 | D:5      | Learned a level 3 spell: Kindle Blastsparks
  6268 | D:6      | Reached skill level 1 in Translocations
  6268 | D:6      | Reached skill level 1 in Fire Magic
  6327 | D:6      | Noticed Dowan
  6410 | D:6      | Noticed a wyvern
  6542 | D:6      | Shot with an arrow by a centaur

Illustrated notes

Levels and vault maps discovered:
D:1:      evilmike_arrival_plus, layout_basic, minmay_misc_feat_chi,
          nrook_loot_triangle, minivault_23, patterned_corridor
D:2:      layout_rooms, grunt_decor_cap
D:3:      layout_basic, general_overflow_altar
D:4:      layout_cave_pools, trog_three_pillars_becter,
          kennysheep_generic_room_12
D:5:      layout_loops_ring, grunt_temple_overflow_open, lemuel_round_altar,
          minmay_temple_entry_mini_moons, minmay_manual_mandibuliform,
          uniq_menkaure
D:6:      layout_cave_pools, mainiacjoe_overflow_big_doors,
          nicolae_concentric_dashed_squares_mild, centaur_isle, uniq_duvessa

Skill      XL: |  1  2  3  4  5  6  7  8 |
---------------+-------------------------+-----
Dodging        | 1 2 3 4 |  4.5
Air Magic      | 1 2 3 4 |  4.5
Necromancy     | 1 2 3 |  3.0
Poison Magic   | 1 2 |  2.0
Fighting       | 4 5 |  5.5
Polearms       | 4 5 |  5.0
Translocations | 1 |  1.0
Fire Magic     | 1 |  1.4
Throwing       | |  0.5
Armour         | |  2.1
Stealth        | |  3.0
Spellcasting   | |  2.0

Action                     |  1- 3 |  4- 6 |  7- 9 || total
---------------------------+-------+-------+-------++-------
  Melee: Dagger            |    94 |       |       ||    94
         Kick              |    16 |     9 |    18 ||    43
         Peck              |    16 |     5 |    13 ||    34
         Punch             |     2 |       |       ||     2
         Spear             |    12 |     8 |     4 ||    24
         Long sword        |       |    27 |    17 ||    44
         Halberd           |       |       |    58 ||    58
   Fire: Sling             |    23 |   109 |    41 ||   173
  Throw: Stone             |     2 |       |       ||     2
   Cast: Cigotuvi's Dreadf |       |     1 |     2 ||     3
         Kindle Blastspark |       |       |     1 ||     1
    Use: Potion            |     1 |     5 |       ||     6
         Scroll            |       |     5 |     1 ||     6
   Stab: Sleeping          |     1 |       |       ||     1
 Armour: Ring mail         |    51 |    27 |    14 ||    92
  Dodge: Dodged            |    49 |    75 |    70 ||   194

Table legend: (Time is in decaauts)
 A = Elapsed time spent in this place.
 B = Non-inter-level travel time spent in this place.
 C = Inter-level travel time spent in this place.
 D = Time resting spent in this place.
 E = Time spent auto-exploring this place.
 F = Levels seen in this place.
 G = Mean time per level.
                   A        B        C        D        E       F      G
               +--------+--------+--------+--------+--------+-----+--------+
         Total |   6453 |   6077 |    376 |   1495 |   3323 |   6 | 1075.5 |
       Dungeon |   6453 |   6077 |    376 |   1495 |   3323 |   6 | 1075.5 |
               +--------+--------+--------+--------+--------+-----+--------+

Top non-repeatable levels by time:
     D:5: 1796 daAuts
     D:1: 1421 daAuts
     D:4: 1062 daAuts
     D:3: 821 daAuts
     D:2: 680 daAuts
     D:6: 672 daAuts
